 Dungeon Crawl Stone Soup version 0.31-a0-430-gf8416d752b (webtiles) character file.

Game seed: 11216594158318019103

93 AdnanSaban the Covered (level 4, -2/29 HPs)
             Began as a Gargoyle Fighter on July 31, 2023.
             Splashed by a jelly's acid (8 damage)
             ... on level 3 of the Dungeon.
             The game lasted 00:01:23 (1391 turns).

AdnanSaban the Covered (Gargoyle Fighter)           Turns: 1391, Time: 00:01:24

Health: -2/29      AC:  2    Str: 22    XL:     4   Next: 62%
Magic:  4/4        EV:  9    Int:  8    God:
Gold:   86         SH:  4    Dex:  9    Spells: 3/3 levels left

rFire   . . .        l - +4 whip (freeze)
rCold   . . .        c - +0 buckler
rNeg    + . .        b - +0 scale mail
rPois   ∞            (no helmet)
rElec   +            (no cloak)
rCorr   .            (no gloves)
SInv    +            (no boots)
Will    .....        (no amulet) Stlth
                     i - ring of see invisible
HPRegen 0.24/turn    e - ring of flight
MPRegen 0.09/turn

%: no passive effects
@: corroded, flying
A: sickness immunity, AC +3, negative energy resistance 1, electricity
resistance, torment resistance 1, petrification resistance
a: no special abilities


You were on level 3 of the Dungeon.
You visited 1 branch of the dungeon, and saw 3 of its levels.

You collected 86 gold pieces.

Inventory:

Hand Weapons
 l - a +4 whip of freezing (weapon)
Armour
 b - a +0 scale mail (worn)
 c - a +0 buckler (worn)
Jewellery
 e - a ring of flight (right hand)
 i - a ring of see invisible (left hand)
Scrolls
 f - a scroll of immolation {unknown}
 g - a scroll of blinking {unknown}
 j - a scroll of poison {unknown}
 n - 3 scrolls of identify {unknown}
 o - a scroll of enchant weapon {unknown}
 p - a scroll of enchant armour {unknown}
Potions
 a - 2 potions of invisibility {unknown}
 d - a potion of might
 h - 2 potions of degeneration {unknown}
 k - a potion of resistance {unknown}
 m - a potion of lignification {unknown}
 q - a potion of heal wounds {unknown}


   Skills:
 + Level 3.9 Fighting
 + Level 2.8 Maces & Flails
 + Level 4.1 Armour
 + Level 1.0 Dodging
 + Level 3.7 Shields


You had 3 spell levels left.
You didn't know any spells.
Your spell library contained the following spells:

 Spells                   Type           Power      Damage    Failure   Level
 Poisonous Vapours        Pois/Air       0%         N/A       90%         2
 Vampiric Draining        Necr           0%         2d6       99%         3
 Animate Dead             Necr           0%         N/A       100%        4
 Dispel Undead            Necr           0%         3d6       100%        4


Dungeon Overview and Level Annotations

Branches:
Dungeon (3/15)

Altars:

Shops:
D:2 *


Innate Abilities, Weirdness & Mutations

You are immune to sickness and miasma.
Your stone body is resilient. (AC +3)
You are immune to poison.
You resist negative energy. (rN+)
You are resistant to electric shocks. (rElec)
You are resistant to unholy torment.
You are immune to petrification.


Message History

You fly downwards.
The hatch slams shut behind you.
You hear the sound of rushing water.
There is an entrance to a sewer on this level.
Hurry and find it before the portal rusts away!
Found a scroll labelled VAYSSU PAODE.
No target in view!
n - 3 scrolls labelled VAYSSU PAODE (gained 1)
Found a stone staircase leading down.
There is a stone staircase leading down here.
You hear the slow rusting of a drain very nearby.
Found a stone staircase leading up.
No target in view!
You pick up Zisoweor's Precepts of Aeromancy and Lamentation and begin reading...
You add the spells Poisonous Vapours, Vampiric Draining, Animate Dead and Dispel Undead to your library.
No target in view!
A jelly comes into view.
Found a stone staircase leading up.
The jelly quivers.
There are no items here.
A rat comes into view.
Found 7 gold pieces.
The jelly jiggles.
You block the jelly's attack.
You completely miss the jelly. The jelly barely misses you.
You barely miss the jelly. The jelly hits you but does no damage.
You hit the jelly but do no damage. The acid corrodes you!
Your hands burn!
You block the jelly's attack.
You hit the jelly. You freeze the jelly.
Your hands burn!
The jelly is heavily wounded.
The jelly hits you. The acid corrodes you!
You are splashed with acid!
You are too injured to fight recklessly!
You are too injured to fight recklessly!
You are too injured to fight recklessly!
You are too injured to fight recklessly!
You hit the jelly. You freeze the jelly.
Your hands burn!
* * * LOW HITPOINT WARNING * * *
The jelly is severely wounded.
The jelly hits you.
* * * LOW HITPOINT WARNING * * *
You are splashed with acid!
You die...

#.## #..# .$# ..#
##.# #.# #.. # #.#
#.##.. ..
#.#####..#
#..<.#.#
#........#
##......#
##..#####..
#......# #...####
#.+##+..J..###.
#.#....#
##.....@r).....
..####.#
#..##.....###..
.##
#.###.###....## .#
###.##.....<..##
####.............#
#.........#......#
..##......#......#
###########......#
########


You could see a jelly and a rat.

Vanquished Creatures
  4 adders (D:2)
  A worm (D:2)
  A dart slug (D:2)
  4 bats
  3 endoplasms (D:2)
  2 giant cockroaches (D:2)
  9 goblins
  3 hobgoblins (D:2)
  2 jackals (D:1)
  6 kobolds
  6 quokkas (D:1)
  A ball python (D:2)
  5 frilled lizards
  6 rats
53 creatures vanquished.

Notes
Turn   | Place    | Note
-------+----------+-------------------------------------------
     0 | D:1      | AdnanSaban the Gargoyle Fighter began the quest for the
                  | Orb.
     0 | D:1      | Reached XP level 1. HP: 14/14 MP: 1/1
    96 | D:1      | Reached XP level 2. HP: 11/19 MP: 2/2
   365 | D:1      | Reached XP level 3. HP: 21/24 MP: 3/3
   432 | D:1      | Found a faded altar of an unknown god.
   806 | D:2      | Reached XP level 4. HP: 29/29 MP: 4/4
  1034 | D:2      | Found Olaac's Assorted Antiques.
  1208 | D:2      | Reached skill level 4 in Armour
  1218 | D:2      | Reached skill level 1 in Dodging
  1381 | D:3      | Got Zisoweor's Precepts of Aeromancy and Lamentation
  1391 | D:3      | Splashed by a jelly's acid

Illustrated notes

Levels and vault maps discovered:
D:1:      matt_arrival_grand_opening, layout_rooms,
          hellmonk_ecumenical_altar_pennies_from_heaven, minmay_tetromino_i2
D:2:      layout_loops_ring, serial_shops, shop
D:3:      layout_rooms, nicolae_elyvilon_peaceful_grove, serial_shops,
          nicolae_shop_tiny_waterfront, gup_sewer_entry_bowl,
          uniq_crazy_yiuf_cottage

Skill      XL: |  1  2  3  4 |
---------------+-------------+-----
Armour         | 4 |  4.1
Dodging        | 1 |  1.0
Fighting       | |  3.9
Maces & Flails | |  2.8
Shields        | |  3.7

Action                     |  1- 3 |  4- 6 || total
---------------------------+-------+-------++-------
  Melee: Flail             |    80 |       ||    80
         Whip              |    28 |    35 ||    63
 Armour: Scale mail        |    58 |    19 ||    77
  Dodge: Dodged            |    65 |    19 ||    84
  Block: Buckler           |    20 |     8 ||    28

Table legend: (Time is in decaauts)
 A = Elapsed time spent in this place.
 B = Non-inter-level travel time spent in this place.
 C = Inter-level travel time spent in this place.
 D = Time resting spent in this place.
 E = Time spent auto-exploring this place.
 F = Levels seen in this place.
 G = Mean time per level.
                   A        B        C        D        E       F      G
               +--------+--------+--------+--------+--------+-----+--------+
         Total |   1415 |   1387 |     28 |      0 |   1063 |   3 |  471.7 |
       Dungeon |   1415 |   1387 |     28 |      0 |   1063 |   3 |  471.7 |
               +--------+--------+--------+--------+--------+-----+--------+

Top non-repeatable levels by time:
     D:2: 786 daAuts
     D:1: 561 daAuts
     D:3: 66 daAuts
